Map: Abyssal Reef LE

Players

Revolution - Winner!

  • Race: Zerg Zerg
  • Spawn Location: 5:00

BackupB (xKawaiian)

  • Race: Terran Terran
  • Spawn Location: 11:00

Event: WCS Montreal 2017

VOD

Have the link to the VOD?

Description

Time

  • Played on: Sept. 8, 2017, 12:44 p.m.
  • Length: 9:47

All games in this series

Show
View Real Time Build Order
Export as new Build Order

Revolution Zerg - Winner!

Build Orders: Hatch First 

Get SALT Encoding   

  12  0:00  Drone  
  13  0:12  Overlord  
  13  0:17  Drone  
  14  0:30  Drone x2  
  14  0:34  Drone  
  17  0:54  Hatchery  
  17  0:56  Drone  
  17  0:58  Extractor  
  17  1:01  Drone  
  17  1:15  Spawning Pool  
  17  1:18  Drone  
  17  1:21  Drone  
  18  1:28  Drone  
  19  1:40  Overlord  
  19  1:55  Drone  
  20  2:02  Queen, Metabolic Boost  
  20  2:05  Queen  
  20  2:07  Zergling x2  
  25  2:10  Zergling x2  
  26  2:17  Drone  
  26  2:21  Drone  
  26  2:22  Drone  
  29  2:37  Hatchery  
  29  2:41  Drone  
  29  2:42  Drone  
  30  2:54  Drone x2  
  30  2:55  Overlord  
  31  3:01  Queen  
  33  3:17  Drone x7  
  40  3:20  Overlord  
  40  3:27  Overlord  
  40  3:28  Drone x2  
  42  3:34  Drone  
  43  3:42  Queen  
  43  3:44  Queen  
  47  3:51  Queen  
  47  3:54  Drone  
  47  3:55  Drone x3  
  53  3:56  Drone  
  54  4:05  Drone x4  
  58  4:14  Drone  
  58  4:24  Queen  
  58  4:27  Overlord  
  58  4:28  Overlord, Evolution Chamber  
  59  4:31  Evolution Chamber  
  59  4:34  Zergling x14  
  65  4:48  Spore Crawler  
  65  4:49  Queen  
  65  4:51  Zergling x12  
  72  4:54  Zerg Melee Weapons Level 1  
  72  4:57  Spore Crawler, Zerg Ground Armor Level 1  
  71  5:13  Drone  
  71  5:14  Drone x7  
  79  5:17  Baneling Nest  
  79  5:21  Overlord x3  
  70  5:42  Zergling x16  
  77  5:44  Queen  
  77  5:48  Queen  
  81  5:51  Drone x4  
  81  5:52  Extractor x2  
  83  6:02  Baneling x6  
  83  6:03  Zergling x8  
  87  6:15  Drone  
  87  6:18  Baneling x2  
  80  6:39  Zergling x20  
  89  6:45  Overlord x2  
  89  6:47  Hatchery  
  89  6:54  Baneling x4  
  88  7:01  Zergling x2  
  86  7:22  Zergling x14  
  84  7:24  Zergling x2, Baneling x2  
  84  7:25  Zergling x18  
  91  7:36  Zergling x2  
  87  7:37  Zergling x4  
  87  7:38  Queen x2  
  87  7:39  Overlord  
  92  7:58  Queen, Hatchery, Lair  
  92  8:00  Drone  
  92  8:01  Drone x7  
  92  8:03  Extractor x2, Baneling  
  92  8:04  Baneling x7  
  98  8:14  Zergling x8  
  102  8:23  Zergling x2  
  102  8:24  Zergling x20  
  110  8:28  Baneling x3  
  110  8:34  Zergling x8  
  113  8:36  Drone  
  113  8:37  Baneling  
  113  8:38  Baneling x8  
  114  8:42  Extractor  
  114  8:46  Pneumatized Carapace  
  113  8:51  Baneling x7  
  113  8:52  Zergling x16  
  119  8:58  Overseer  
  119  9:08  Spore Crawler  
  111  9:18  Baneling x3  
  107  9:29  Drone  
  107  9:30  Drone x13  
  120  9:47  Hatchery  
Show
View Real Time Build Order
Export as new Build Order

BackupB Terran 

Build Orders: Reaper Expand, MMM Bio 

Get SALT Encoding   

  12  0:00  SCV  
  13  0:13  SCV  
  14  0:17  Supply Depot  
  14  0:25  SCV  
  15  0:39  SCV  
  15  0:40  Barracks  
  16  0:46  Refinery  
  16  0:51  SCV  
  17  1:03  SCV  
  18  1:15  SCV  
  19  1:27  Orbital Command  
  19  1:28  Reaper  
  20  1:40  Command Center  
  20  1:52  Barracks  
  20  1:54  SCV  
  20  2:01  Barracks Reactor  
  21  2:06  SCV  
  22  2:10  Refinery  
  22  2:11  Supply Depot  
  22  2:18  SCV  
  23  2:32  Factory, SCV  
  24  2:38  Marine x2  
  24  2:41  Barracks Tech Lab  
  26  2:44  SCV  
  27  2:52  Orbital Command  
  27  2:57  SCV  
  27  2:58  Marine x2  
  29  3:00  Marine  
  31  3:07  Stimpack  
  31  3:09  SCV  
  32  3:20  Starport, Marine, SCV  
  32  3:23  Factory Reactor  
  32  3:26  SCV  
  35  3:32  SCV  
  35  3:33  Supply Depot  
  36  3:35  Marine  
  36  3:39  SCV  
  36  3:40  Marine  
  36  3:41  Marine  
  40  3:44  SCV  
  41  3:51  SCV  
  41  3:53  Marine  
  43  3:58  Marine  
  43  4:01  SCV  
  45  4:03  SCV  
  45  4:04  Medivac x2  
  45  4:05  Marine  
  45  4:06  Widow Mine  
  45  4:07  Supply Depot  
  53  4:11  Marine  
  54  4:25  Supply Depot  
  54  4:26  Barracks  
  54  4:29  Marine x3, SCV x2  
  59  4:36  Supply Depot  
  59  4:41  SCV x2  
  61  4:46  Medivac, Marine  
  61  4:47  Hellion x2  
  61  4:50  Supply Depot  
  68  4:54  SCV  
  68  4:55  Marine  
  68  4:56  Armory  
  68  4:57  Marine  
  71  5:08  Hellion x2  
  71  5:11  Marine  
  71  5:13  Marine  
  71  5:14  Supply Depot x2, Barracks Reactor  
  77  5:17  Combat Shields  
  77  5:28  Medivac  
  79  5:29  Marine  
  79  5:30  Hellion x2  
  79  5:33  Marine x2  
  82  5:39  SCV  
  83  5:43  Supply Depot  
  83  5:45  Supply Depot  
  83  5:47  Marine  
  84  5:50  Marine x2  
  84  5:51  Marine, Hellion x2  
  84  5:55  Marine  
  90  6:05  Marine  
  90  6:07  Marine  
  90  6:10  Marine x2  
  94  6:11  Medivac  
  94  6:12  Hellion x2  
  94  6:13  Marine  
  101  6:22  Marine  
  93  6:25  Marine  
  93  6:28  Marine x2  
  93  6:30  Marine  
  90  6:34  Hellion x2  
  92  6:40  Marine  
  92  6:41  Medivac  
  92  6:43  Marine  
  92  6:46  Marine x2  
  98  6:48  Marine  
  99  6:55  Hellion x2  
  99  6:58  Marine  
  99  7:00  Supply Depot  
  99  7:01  Supply Depot, Marine  
  104  7:04  Marine x2  
  104  7:06  Marine  
  100  7:11  Medivac  
  102  7:20  Marine  
  79  7:24  Marine  
  79  7:25  Hellion x2  
  79  7:27  Marine  
  79  7:29  Marine x2  
  76  7:37  Marine  
  76  7:40  Barracks  
  76  7:41  Marine  
  76  7:42  Barracks  
  74  7:44  Marine  
  74  7:48  Widow Mine x2, Marauder  
  74  7:50  Starport Reactor  
  79  7:56  Marine x2  
  81  7:59  Marine  
  81  8:00  Engineering Bay  
  81  8:01  Engineering Bay  
  81  8:02  Supply Depot, Marine  
  81  8:03  Supply Depot, Refinery x2  
  83  8:09  Marauder  
  85  8:14  Marine x2  
  85  8:16  Widow Mine x2  
  85  8:17  Marine  
  90  8:20  Marine, SCV x2  
  87  8:32  Marine, SCV  
  87  8:33  Marine  
  90  8:35  Barracks Reactor  
  90  8:36  Marauder  
  90  8:37  Marine  
  90  8:41  SCV  
  94  8:42  Barracks Reactor  
  94  8:51  Marine  
  94  8:54  Marine x3  
  98  8:56  Medivac  
  98  8:58  Widow Mine, Marauder  
  104  9:09  Marine  
  103  9:14  Marine  
  94  9:19  Marauder  
  94  9:20  Marine  
  94  9:22  Marine  
  94  9:23  Marine  
  85  9:24  Marine x2  
  74  9:33  SCV x2  
Tags
 
Add a new tag
Caveats
  • Supply blocks, unpowered buildings, or Contaminate may cause inaccurate times.
  • Supply counts are checked every 10 seconds.